 Dungeon Crawl Stone Soup version 0.29-a0-322-g68df515428 (webtiles) character file.

Game seed: 1171728581917980126

116 sammy202020 the Skirmisher (level 4, -9/55 HPs)
             Began as a Demonspawn Berserker on Apr 5, 2022.
             Was a Believer of Trog.
             Killed by divine providence
             ... invoked by an orc priest
              (15 damage)
             ... on level 4 of the Dungeon.
             The game lasted 00:05:11 (2793 turns).

sammy202020 the Skirmisher (Demonspawn Berserker)   Turns: 2793, Time: 00:05:13

Health: -9/55      AC:  7    Str: 17    XL:     4   Next: 69%
Magic:  4/4        EV: 10    Int: 17    God:    Trog [**....]
Gold:   750        SH:  0    Dex: 12    Spells: 3/3 levels left

rFire   . . .      SeeInvis .   s - +0 war axe
rCold   . . .      Faith    .   (no shield)
rNeg    . . .      Spirit   .   i - +1 scale mail
rPois   .          Reflect  .   (no helmet)
rElec   .          Harm     .   (no cloak)
rCorr   .          Rampage  .   (no gloves)
Will    ++...                   (no boots)
Stlth   ..........              (no amulet)
HPRegen 3.18/turn               n - +6 ring of intelligence
MPRegen 0.09/turn               (no ring)

@: berserking, strong-willed, regenerating, very quick
A: powered by death 1, weakness stinger 1, demonic touch 1
a: Renounce Religion, Berserk, Trog's Hand


You were on level 4 of the Dungeon.
You worshipped Trog.
Trog was pleased with you.
You visited 1 branch of the dungeon, and saw 4 of its levels.

You collected 750 gold pieces.

Inventory:

Hand Weapons
 h - a +0 hunting sling
 s - a +0 war axe (weapon)
Missiles
 d - 5 atropa-tipped darts
 q - 5 poisoned darts (quivered)
Armour
 i - a +1 scale mail (worn)
Jewellery
 n - a +6 ring of intelligence (left hand)
Scrolls
 a - a scroll of teleportation
 b - a scroll of magic mapping
 c - 2 scrolls of blinking
 m - a scroll of summoning {unknown}
 p - a scroll of vulnerability
 r - a scroll of fear {unknown}
Potions
 e - a potion of degeneration {unknown}
 f - 2 potions of lignification {unknown}
 g - 2 potions of brilliance {unknown}
 j - a potion of attraction {unknown}
 k - a potion of invisibility {unknown}
 l - 5 potions of curing
 o - a potion of flight {unknown}


   Skills:
 * Level 3.9 Fighting
 * Level 3.5 Axes
 + Level 2.2 Armour
 - Level 1.7 Dodging
 * Level 1.7 Unarmed Combat


You had 3 spell levels left.
You didn't know any spells.
Your spell library was empty.

Dungeon Overview and Level Annotations

Branches:
Dungeon (4/15)
 Temple: D:4-7

Altars:
Fedhas
Vehumet


Innate Abilities, Weirdness & Mutations

You regenerate a little health from kills.
You have a small tail.
Your touch may inflict minor irresistible damage on your foes.


Message History

* * * LOW HITPOINT WARNING * * *
Okay, then.
You feel better. The endoplasm freezes you.
You are frozen.
The orc hits you with a +0 hand axe.
* * * LOW HITPOINT WARNING * * *
Something hits you but does no damage.
Your skin crawls.
You feel strong-willed.
The orc priest begins to cast a cantrip, but forgets the words!
The endoplasm barely misses you. The orc completely misses you.
Something hits you but does no damage.
A red film seems to cover your vision as you go berserk!
You feel yourself moving faster!
You feel mighty! The endoplasm hits you.
* * * LOW HITPOINT WARNING * * *
The orc hits you with a +0 hand axe.
* * * LOW HITPOINT WARNING * * *
You hear some strange, mumbled words.
A puff of flame appears from out of thin air!
The puff of flame hits you!
* * * LOW HITPOINT WARNING * * *
You hit the orc.
The orc is severely wounded.
You hit the endoplasm.
You kill the endoplasm!
Trog accepts your kill.
You miss something. You slash the scorpion! Your touch misses the scorpion.
The scorpion is heavily wounded.
You slash the orc!
You kill the orc!
Trog accepts your kill.
You slash something! Trog accepts your kill.
Trog appreciates your killing of a magic user.
Reactivating autopickup.
You feel a bit more experienced.
The orc priest calls down the wrath of Beogh upon you.
Beogh smites you!
You die...

#...##
#..## #<.##
##..##
##..##
##..# #).#
#..# #@)#
#s)# .o..#
.......
#........
#..........
##.........
#.........


You could see a scorpion and an orc priest.

Vanquished Creatures
  A hound (D:3)
  An orc wizard (D:4)
  An adder (D:3)
  A worm (D:3)
  2 dart slugs (D:1)
  2 orcs (D:4)
  7 endoplasms
  3 giant cockroaches
  3 goblins
  5 hobgoblins
  5 quokkas
  5 ball pythons
  6 bats
  2 frilled lizards
  4 kobolds
  24 rats
72 creatures vanquished.

Notes
Turn   | Place    | Note
-------+----------+-------------------------------------------
     0 | D:1      | sammy202020 the Demonspawn Berserker began the quest for
                  | the Orb.
     0 | D:1      | Reached XP level 1. HP: 18/18 MP: 1/1
   282 | D:1      | Discovered your monstrous ancestry.
   282 | D:1      | Gained mutation: Your touch may inflict minor irresistible
                  | damage on your foes. [demonic ancestry]
   282 | D:1      | Reached XP level 2. HP: 16/24 MP: 2/2
   884 | D:1      | Gained mutation: You have a small tail. [demonic ancestry]
   884 | D:1      | Reached XP level 3. HP: 28/29 MP: 3/3
  1237 | D:2      | Reached skill level 1 in Unarmed Combat
  1352 | D:2      | Reached ** piety under Trog
  1877 | D:2      | Identified a scroll of acquirement
  1877 | D:2      | Acquired 554 gold pieces
  2287 | D:3      | Found a radiant altar of Vehumet.
  2377 | D:3      | Found a blossoming altar of Fedhas.
  2409 | D:3      | Gained mutation: You regenerate a little health from kills.
                  | [demonic ancestry]
  2409 | D:3      | Reached XP level 4. HP: 37/37 MP: 4/4
  2785 | D:4      | Noticed a scorpion
  2791 | D:4      | HP: 1/55 [something/puff of flame (10)]
  2793 | D:4      | Killed from afar by an orc priest

Illustrated notes

Levels and vault maps discovered:
D:1:      minmay_arrival_semitransparent, layout_basic, st_stairs_10
D:2:      layout_basic, minmay_heptomino_d4
D:3:      layout_rooms, fedhas_altar_fruit_tree, lemuel_coloured_pillars_altar,
          minmay_rat_hole
D:4:      layout_layer_cave, amcnicky_altar_gilded

Skill      XL: |  1  2  3 |
---------------+----------+-----
Axes           | 3 |  3.5
Armour         | 2 |  2.2
Unarmed Combat | 1 |  1.7
Fighting       | |  3.9
Dodging        | |  1.7

Action                   |  1- 3 |  4- 6 || total
-------------------------+-------+-------++-------
Melee: Hand axe          |    88 |       ||    88
       Touch             |    13 |     5 ||    18
       War axe           |    12 |    33 ||    45
       Tailslap          |     7 |     1 ||     8
       Punch             |     1 |       ||     1
Invok: Berserk           |       |     1 ||     1
       Trog's Hand       |       |     1 ||     1
  Use: Scroll            |     8 |     4 ||    12
       Potion            |       |     1 ||     1
 Stab: Sleeping          |     1 |       ||     1
Armor: Animal skin       |     6 |       ||     6
       Scale mail        |    35 |    24 ||    59
Dodge: Dodged            |    51 |    30 ||    81

Table legend: (Time is in decaauts)
 A = Elapsed time spent in this place.
 B = Non-inter-level travel time spent in this place.
 C = Inter-level travel time spent in this place.
 D = Time resting spent in this place.
 E = Time spent auto-exploring this place.
 F = Levels seen in this place.
 G = Mean time per level.
                   A        B        C        D        E       F      G
               +--------+--------+--------+--------+--------+-----+--------+
         Total |   2818 |   2737 |     81 |      0 |   2240 |   4 |  704.5 |
       Dungeon |   2818 |   2737 |     81 |      0 |   2240 |   4 |  704.5 |
               +--------+--------+--------+--------+--------+-----+--------+

Top non-repeatable levels by time:
     D:1: 1198 daAuts
     D:2: 861 daAuts
     D:3: 741 daAuts
     D:4: 17 daAuts
